 Dungeon Crawl Stone Soup version 0.32-a0-468-g38b2580584 (webtiles) character file.

Game seed: 8635839290954845492

28 anacleto the Digger (level 2, -2/20 HPs)
             Began as a Draconian Earth Elementalist on Feb 25, 2024.
             Slain by Terence
             ... wielding a +3 mace
              (4 damage)
             ... on level 2 of the Dungeon.
             The game lasted 00:02:18 (792 turns).

anacleto the Digger (Draconian Earth Elementalist)   Turns: 792, Time: 00:02:19

Health: -2/20      AC:  4    Str: 10    XL:     2   Next: 96%
Magic:  1/5        EV: 12    Int: 15    God:
Gold:   52         SH:  0    Dex: 11    Spells: 4/5 levels left

rFire   . . .        (no weapon)
rCold   . . .        (no shield)
rNeg    . . .        (body armour unavailable)
rPois   .            (helmet restricted)
rElec   .            (no cloak)
rCorr   .            (no gloves)
SInv    .            (no boots)
Will    .....        (no amulet)
Stlth   ++           (no ring)
HPRegen 0.23/turn    (no ring)
MPRegen 0.09/turn

%: no passive effects
@: no status effects
A: AC +4, unfitting armour, cold-blooded
a: no special abilities


You were on level 2 of the Dungeon.
You visited 1 branch of the dungeon, and saw 2 of its levels.

You collected 52 gold pieces.

Inventory:

Talismans
 g - a beast talisman
Scrolls
 f - a scroll of vulnerability {unknown}
 h - a scroll of enchant weapon {unknown}
Potions
 a - 2 potions of magic
 e - a potion of brilliance {unknown}


   Skills:
 + Level 2.0 Dodging
 + Level 2.0 Stealth
 + Level 2.1 Spellcasting
 * Level 1.7 Conjurations
 * Level 3.3 Earth Magic


You had 4 spell levels left.
You knew the following spells:

 Your Spells              Type           Power      Damage    Failure   Level
a - Sandblast             Erth           22%        2d7       5%          1

Your spell library contained the following spells:

 Spells                   Type           Power      Damage    Failure   Level
 Passwall                 Erth           11%        N/A       16%         3
 Stone Arrow              Conj/Erth      18%        3d8       22%         3
 Brom's Barrelling Bould  Conj/Erth      9%         2d3       58%         4
 Petrify                  Alch/Erth      6%         N/A       73%         4


Dungeon Overview and Level Annotations

Branches:
Dungeon (2/15)

Altars:

Annotations:
D:2 Terence


Innate Abilities, Weirdness & Mutations

Your plain brown scales are hard. (AC +4)
You cannot fit into any form of body armour.
You are cold-blooded and may be slowed by cold attacks.


Message History

Found a stone staircase leading down.
Found a morningstar.
Found a stone staircase leading down.
Terence the Incautious comes into view.
He is wielding a +3 mace.
You see here a +0 morningstar.
Terence shouts!
Aiming: Sandblast (safe; 5% risk of failure)
Press: ? - help, Q - select action Shift-Dir - straight line, f - Terence
Aim: Terence, wielding a +3 mace and wearing a +0 scale mail (84% to hit)
The blast of sand hits Terence.
Terence is lightly wounded.
Unknown command.
Aiming: Sandblast (safe; 5% risk of failure)
Press: ? - help, Q - select action Shift-Dir - straight line, f/p - Terence
Aim: Terence, wielding a +3 mace and wearing a +0 scale mail (lightly wounded, 84% to hit)
The blast of sand misses Terence.
Terence hits you with a +3 mace. Terence hits you with a +3 mace!
Aiming: Sandblast (safe; 5% risk of failure)
Press: ? - help, Q - select action Shift-Dir - straight line, f/p - Terence
Aim: Terence, wielding a +3 mace and wearing a +0 scale mail (lightly wounded, 84% to hit)
The blast of sand hits Terence.
Terence is moderately wounded.
Terence hits you but does no damage.
Aiming: Sandblast (safe; 5% risk of failure)
Press: ? - help, Q - select action Shift-Dir - straight line, f/p - Terence
Aim: Terence, wielding a +3 mace and wearing a +0 scale mail (moderately wounded, 84% to hit)
The blast of sand hits Terence.
Terence is moderately wounded.
Terence hits you with a +3 mace. x2
* * * LOW HITPOINT WARNING * * *
As you read the scroll labelled ADAFIX MAGO, it crumbles to dust.
The creatures around you are filled with an inner flame!
It was a scroll of immolation.
Terence barely misses you.
The air fills with toxic fumes!
As you read the scroll labelled LUUFAAMUIPP, it crumbles to dust.
It was a scroll of poison.
Terence barely misses you.
It was a potion of cancellation.
You feel magically purged. Terence hits you with a +3 mace.
You die...
Terence says, "That felt goooood."

#§§# §§§§ #§§# §§§§
...§ #§§# §§§#
...§§####§§# §§§#§
.... §§§#§§#§§§§§§
..... §§§§#§§§§§§
...§§####§§@§§§§§§..
...§§§§§§§@#........
#§§§§§§##.>......
##§§§#§##.........
#§§)§§...........
#§##§§#..........
§§. ##§.#.........
..#####§§...........
#. #.§###......... #
#.## #.........


You could see Terence (inner flame).

Vanquished Creatures
  An adder (D:2)
  An endoplasm (D:1)
  2 giant cockroaches (D:1)
  2 goblins (D:1)
  3 hobgoblins (D:1)
  A kobold (D:1)
  A ball python (D:1)
  A bat (D:1)
  6 rats
18 creatures vanquished.

Notes
Turn   | Place    | Note
-------+----------+-------------------------------------------
     0 | D:1      | anacleto the Draconian Earth Elementalist began the quest
                  | for the Orb.
     0 | D:1      | Reached XP level 1. HP: 14/14 MP: 3/3
   252 | D:1      | Reached XP level 2. HP: 20/20 MP: 1/5
   778 | D:2      | Noticed Terence
   789 | D:2      | HP: 1/20 [Terence/+3 mace (6)]
   792 | D:2      | Slain by Terence

Illustrated notes

Levels and vault maps discovered:
D:1:      orjb1_clovarrival, layout_rooms
D:2:      layout_rooms, serial_bayou_pond_c, uniq_terence, uniq_robin

Skill      XL: |  1  2 |
---------------+-------+-----
Stealth        | 2 |  2.0
Dodging        | 2 |  2.0
Spellcasting   | |  2.1
Conjurations   | |  1.7
Earth Magic    | |  3.3

Action                     || total
---------------------------++-------
  Melee: Unarmed           ||     6
         Tailslap          ||     1
   Cast: Sandblast         ||    30
    Use: Scroll            ||     2
         Potion            ||     1
 Armour: Skin              ||    17
  Dodge: Dodged            ||    22

Table legend: (Time is in decaauts)
 A = Elapsed time spent in this place.
 B = Non-inter-level travel time spent in this place.
 C = Inter-level travel time spent in this place.
 D = Time resting spent in this place.
 E = Time spent auto-exploring this place.
 F = Levels seen in this place.
 G = Mean time per level.
                   A        B        C        D        E       F      G
               +--------+--------+--------+--------+--------+-----+--------+
         Total |    823 |    798 |     25 |     38 |    614 |   2 |  411.5 |
       Dungeon |    823 |    798 |     25 |     38 |    614 |   2 |  411.5 |
               +--------+--------+--------+--------+--------+-----+--------+

Top non-repeatable levels by time:
     D:1: 663 daAuts
     D:2: 159 daAuts
